 Dungeon Crawl Stone Soup version 0.27-a0-765-ge4d627daa3 (webtiles) character file.

Game seed: 3576863990808669629

779 dickylongcocking the Slasher (level 7, -7/54 HPs)
             Began as a Djinni Gladiator on Mar 25, 2021.
             Killed from afar by a white imp (13 damage)
             ... with a puff of frost
             ... on level 6 of the Dungeon.
             The game lasted 00:06:37 (8832 turns).

dickylongcocking the Slasher (Djinni Gladiator)     Turns: 8832, Time: 00:06:37

Health: -7/54      AC:  4    Str: 13    XL:     7   Next: 85%
Gold:   280        EV: 14    Int: 11    God:
                   SH:  8    Dex: 15

rFire    + + .     SeeInvis .   a - +0 long sword
rCold    x . .     Faith    .   q - +0 buckler
rNeg     . . .     Spirit   .   b - +0 leather armour
rPois    ∞         Reflect  .   c - +0 helmet
rElec    .         Harm     .   (no cloak)
rCorr    .         Rampage  .   (no gloves)
Will     .....                  (boots unavailable)
Stlth    +.........             (no amulet)
HPRegen  0.18/turn              (no ring)
MPRegen  0.00/turn              (no ring)

@: flying
A: fire resistance 2, cold vulnerability 1, float, innate caster, hp casting,
extra vitality 1, repulsion field 1, large bone plates 1
a: no special abilities


You were on level 6 of the Dungeon.
You visited 1 branch of the dungeon, and saw 6 of its levels.
You also visited: Sewer.

You collected 280 gold pieces.

Inventory:

Hand Weapons
 a - a +0 long sword (weapon)
Missiles
 d - 3 throwing nets (quivered)
Armour
 b - a +0 leather armour (worn)
 c - a +0 helmet (worn)
 q - a +0 buckler (worn)
Jewellery
 n - a +6 ring of dexterity
 o - a ring of ice
 p - the ring of Taff {rF+ Str+6 Int+4 Stlth+}
   (You found it on level 5 of the Dungeon)

   [ring of strength]

   It affects your strength (+6).
   It affects your intelligence (+4).
   It protects you from fire.
   It makes you more stealthy.
Scrolls
 e - 7 scrolls of identify {unknown}
 g - 3 scrolls of teleportation
 h - a scroll of enchant armour {unknown}
 j - a scroll of fog
 m - a scroll of immolation
 u - a scroll of noise {unknown}
Potions
 f - a potion of flight {unknown}
 k - 2 potions of haste {unknown}
 r - a potion of berserk rage {unknown}
 s - a potion of resistance {unknown}


   Skills:
 * Level 5.4 Fighting
 * Level 5.5 Long Blades
 - Level 1.5 Throwing
 - Level 3.2 Dodging
 * Level 2.3 Shields
 + Level 2.2 Spellcasting


You had 4 spell levels left.
You knew the following spells:

 Your Spells              Type           Power      Damage    Failure   Level
a - Summon Small Mammal   Summ           24%        N/A       19%         1
b - Ensorcelled Hibernat  Hex/Ice        12%        N/A       26%         2
c - Inner Flame           Hex/Fire       6%         N/A       47%         3
Your spell library was empty.

Dungeon Overview and Level Annotations

Branches:
Dungeon (6/15)              Sewer (visited)
 Temple: D:4-7

Altars:
Trog
Uskayaw

Shops:
D:2 :


Innate Abilities, Weirdness & Mutations

You are immune to poison.
Your flesh is very heat resistant. (rF++)
You are vulnerable to cold. (rC-)
You float through the air rather than walking.
You learn spells naturally, not from books.
Your magical power is your life essence.
You have superior vitality. (+4 HP)
You are surrounded by a mild repulsion field. (EV +2)
You are partially covered in large bone plates. (SH +4)


Message History

Aiming: Ensorcelled Hibernation (dangerous; 26% risk of failure)
Press: ? - help, Shift-Dir - straight line, f - gnoll
Aim: a gnoll, wielding a +0 whip (fast, chance to affect: 47%)
You miscast Ensorcelled Hibernation.
You are very lightly contaminated with residual magic.
Nothing appears to happen.
You block the gnoll's attack. The gnoll barely misses you.
The gnoll hits you from afar with a +0 spear.
Unknown command.
The gnoll hits you with a +0 whip! The gnoll hits you with a +0 whip.
As you read the scroll of teleportation, it crumbles to dust.
You feel strangely unstable. The gnoll hits you with a +0 whip.
Unknown command.
Unknown command.
You block the gnoll's attack.
Unknown command.
Unknown command.
Unknown command.
Your surroundings suddenly seem different.
Found a runed paperback book.
Unknown command.
You start resting.
Your magical contamination has completely faded away.
You start resting.
A white imp comes into view.
A white imp is nearby!
A white imp is nearby!
A white imp is nearby!
The white imp gestures at you. The puff of frost hits you!
You feel a terrible chill!
* * * LOW HITPOINT WARNING * * *
The white imp gestures at you. The puff of frost hits you!
You feel a terrible chill!
* * * LOW HITPOINT WARNING * * *
Casting: Ensorcelled Hibernation (dangerous; 26% risk of failure)
Confirm with . or Enter, or press ? or * to list all spells.
* * * LOW HITPOINT WARNING * * *
The white imp gestures at you. The puff of frost hits you!
You feel a terrible chill!
You die...

.. #...#
###'###...##
........:..#
...........#
...........#
........b..#
...........#
....5..@...#
...........#
######....##
#....#
#....#
#.....
#......
#....##+


You could see a white imp (ally target) and a friendly bat (summoned).

Vanquished Creatures
  A centaur (D:6)
  A water moccasin skeleton (D:3)
  An orc priest (D:5)
  A gnoll shaman (D:5)
  5 hounds
  A centaur skeleton (D:4)
  Natasha (thrice) (D:4)
  An iguana (D:6)
  3 orc wizards
  3 gnolls (D:5)
  9 adders
  6 river rats
  A shadow imp (D:2)
  A white imp (D:5)
  An ufetubus (D:5)
  2 dart slugs
  3 orcs
  10 ball pythons
  6 endoplasms
  A giant cockroach (D:2)
  4 goblins
  7 hobgoblins
  11 jackals
  4 quokkas
  5 bats
  12 frilled lizards
  9 kobolds
  A quokka skeleton (D:4)
  12 rats
125 creatures vanquished.

Vanquished Creatures (collateral kills)
  An orc (D:3)
  A jackal (D:2)
2 creatures vanquished.

Vanquished Creatures (others)
  17 plants (D:2)
17 creatures vanquished.

Grand Total: 144 creatures vanquished

Notes
Turn   | Place    | Note
-------+----------+-------------------------------------------
     0 | D:1      | dickylongcocking the Djinni Gladiator began the quest for
                  | the Orb.
     0 | D:1      | Reached XP level 1. HP: 18/18 MP: 0/0
   290 | D:1      | Reached XP level 2. HP: 21/23 MP: 0/0
   463 | D:1      | Reached XP level 3. HP: 22/29 MP: 0/0
   463 | D:1      | Learned a level 1 spell: Summon Small Mammal
  1735 | D:2      | Reached XP level 4. HP: 22/35 MP: 0/0
  2311 | D:2      | Found Laoskup's Book Emporium.
  2877 | D:2      | Reached XP level 5. HP: 37/40 MP: 0/0
  2877 | D:2      | Learned a level 2 spell: Ensorcelled Hibernation
  3162 | D:3      | Found a glowing drain.
  3189 | D:3      | Gained mutation: You are surrounded by a mild repulsion
                  | field. (EV +2) [potion of mutation]
  3189 | D:3      | Gained mutation: You are partially covered in large bone
                  | plates. (SH +4) [potion of mutation]
  3308 | Sewer    | Entered a sewer
  3368 | Sewer    | Reached skill level 1 in Spellcasting
  4251 | D:3      | Reached XP level 6. HP: 24/47 MP: 0/0
  4937 | D:4      | Noticed Natasha
  4953 | D:4      | Killed Natasha
  5251 | D:4      | Found a hide-covered altar of Uskayaw.
  5374 | D:4      | Noticed Natasha
  5390 | D:4      | Killed Natasha
  5624 | D:4      | Noticed Natasha
  5635 | D:4      | Killed Natasha
  5642 | D:4      | Reached skill level 5 in Long Blades
  5642 | D:4      | Reached XP level 7. HP: 41/53 MP: 0/0
  5642 | D:4      | Learned a level 3 spell: Inner Flame
  5871 | D:5      | Entered Level 5 of the Dungeon
  5908 | D:5      | Reached skill level 1 in Shields
  6307 | D:5      | Identified the ring of Taff {rF+ Str+6 Int+4 Stlth+}
  6326 | D:5      | Reached skill level 5 in Fighting
  6483 | D:5      | Found a bloodstained altar of Trog.
  8832 | D:6      | Killed from afar by a white imp

Illustrated notes

Levels and vault maps discovered:
D:1:      matt_arrival_spirals, layout_loops_ring, nrook_mini_backslash
D:2:      minmay_angry_zag, layout_basic, serial_shops, shop,
          lexackson_kobold_supper
D:3:      layout_loops_ring, portal_sewer_entry_b
D:4:      layout_rooms, marbit_many_paths, uniq_natasha
D:5:      layout_basic, old_standard_altar
D:6:      minmay_bubble_buster, layout_gridville, vehumet_altar_wand_db,
          minmay_temple_entry_statues, uniq_crazy_yiuf_cottage, uniq_duvessa

Skill      XL: |  1  2  3  4  5  6  7 |
---------------+----------------------+-----
Long Blades    | 3 4 5 |  5.5
Fighting       | 3 4 5 |  5.4
Spellcasting   | 1 2 |  2.2
Shields        | 2 |  2.3
Throwing       | |  1.5
Dodging        | |  3.2

Action                   |  1- 3 |  4- 6 |  7- 9 || total
-------------------------+-------+-------+-------++-------
Melee: Long sword        |    88 |   243 |   144 ||   475
       Unarmed           |       |    16 |       ||    16
 Cast: Summon Small Mamm |     6 |    17 |     6 ||    29
       Ensorcelled Hiber |       |    12 |    13 ||    25
  Use: Potion            |       |    11 |     5 ||    16
       Scroll            |       |       |     5 ||     5
 Stab: Sleeping          |       |     2 |     5 ||     7
       Distracted        |       |     1 |       ||     1
       Invisible         |       |       |     2 ||     2
Armor: Leather armour    |    38 |    73 |    29 ||   140
       Skin              |       |    11 |       ||    11
Dodge: Dodged            |   101 |   221 |   105 ||   427
Block: Other             |       |    27 |       ||    27
       Buckler           |       |     3 |    72 ||    75
       Rpst.: Long sword |    31 |    73 |    23 ||   127

Table legend: (Time is in decaauts)
 A = Elapsed time spent in this place.
 B = Non-inter-level travel time spent in this place.
 C = Inter-level travel time spent in this place.
 D = Time resting spent in this place.
 E = Time spent auto-exploring this place.
 F = Levels seen in this place.
 G = Mean time per level.
                   A        B        C        D        E       F      G
               +--------+--------+--------+--------+--------+-----+--------+
         Total |   8926 |   8815 |    111 |   2614 |   4855 |   7 | 1275.1 |
       Dungeon |   8097 |   7986 |    111 |   2329 |   4465 |   6 | 1349.5 |
         Sewer |    828 |    828 |      0 |    285 |    390 |   1 |  828.0 |
               +--------+--------+--------+--------+--------+-----+--------+

Top non-repeatable levels by time:
     D:5: 2235 daAuts
     D:1: 1568 daAuts
     D:4: 1460 daAuts
     D:2: 1396 daAuts
     D:3: 992 daAuts
   Sewer: 828 daAuts
     D:6: 444 daAuts
